 Dungeon Crawl Stone Soup version 0.31-a0-202-g547052bce9 (webtiles) character file.

Game seed: 9938131737019098423

67 qw the Shooter (level 3, -2/20 HPs)
             Began as a Deep Elf Hunter on June 26, 2023.
             Slain by an orc
             ... wielding a +0 hand axe
              (3 damage)
             ... on level 2 of the Dungeon.
             The game lasted 00:00:30 (1134 turns).

qw the Shooter (Deep Elf Hunter)                    Turns: 1134, Time: 00:00:31

Health: -2/20      AC:  3    Str: 10    XL:     3   Next: 98%
Magic:  5/5        EV: 12    Int: 13    God:
Gold:   124        SH:  0    Dex: 18    Spells: 2/2 levels left

rFire   . . .        Y - +0 shortbow
rCold   . . .        (shield currently unavailable)
rNeg    . . .        c - +0 leather armour
rPois   .            (no helmet)
rElec   .            (no cloak)
rCorr   .            (no gloves)
SInv    .            (no boots)
Will    .....        (no amulet)
Stlth   ++           (no ring)
HPRegen 0.23/turn    (no ring)
MPRegen 0.09/turn

%: no passive effects
@: no status effects
A: no striking features
a: no special abilities


You were on level 2 of the Dungeon.
You visited 1 branch of the dungeon, and saw 3 of its levels.

You collected 124 gold pieces.


   Skills:
 - Level 1.5 Fighting
 + Level 7.4 Ranged Weapons
 - Level 2.4 Dodging
 - Level 1.2 Stealth


You had 2 spell levels left.
You didn't know any spells.
Your spell library was empty.

Inventory:

Hand Weapons
 Y - a +0 shortbow (weapon)
Armour
 c - a +0 leather armour (worn)
Scrolls
 e - a scroll of identify
Potions
 g - a potion of attraction {unknown}

Dungeon Overview and Level Annotations

Branches:
Dungeon (3/15)

Altars:
The Shining One


Message History

You are confused.
The orc wizard gestures wildly while chanting.
The orc wizard flickers and vanishes!
Deactivating autopickup; reactivate with Ctrl-A.
1126 ||| STAIRDANCE The orc wizard points at you and mumbles some strange words.
The puff of flame hits you!
You hear some strange, mumbled words.
You are more confused.
The orc hits you with a +0 hand axe.
You climb upwards.
Reactivating autopickup.
There is a stone staircase leading down here.
1128 ||| DRINKING potion of curing.
You feel better.
1128 ||| (to cure confusion)
Something hits you.
Deactivating autopickup; reactivate with Ctrl-A.
The orc misses you.
You shoot an arrow.
The arrow hits the orc but does no damage.
Something hits you but does no damage. The orc completely misses you.
You shoot an arrow. The arrow hits the orc.
The orc is moderately wounded.
Something hits you but does no damage. The orc closely misses you.
You shoot an arrow. The arrow barely misses the orc.
Something hits you. The orc hits you with a +0 hand axe.
You shoot an arrow. The arrow hits the orc.
The orc is heavily wounded.
You hear some strange, mumbled words.
Something tries to affect you, but you resist.
The orc closely misses you.
You shoot an arrow. The arrow barely misses the orc.
You hear some strange, mumbled words.
A puff of flame appears from out of thin air!
The puff of flame hits you!
Ouch! That really hurt!
The orc barely misses you.
You shoot an arrow. The arrow closely misses the orc.
Something hits you but does no damage. The orc hits you with a +0 hand axe.
You die...

....................#
#.#
..........#######.#.#
#.# .....#.##.# #.#.#
#.# .##..#.##.# #.#.#
#.# .......##.# #.#.#
#######.# .....####.#
#.#.# #.......#
........#.#######.#.#
#.#######
...............#.{).#
#.#
..........####.#@o###
#.# .#...##..[#
#.#..######.#
.....##...#
#........##.#
.#.#.##...#
###..###.##.# ##
.#.#.##...######!.#
#.##.# #.
.<................#
#.##.#######.
...#.###.#######.##
#.##....>....
####......# #.#
#.##########.
#####.)######.# #..#
#.


You could see an orc.

Vanquished Creatures
  2 adders (D:2)
  A worm (D:2)
  A dart slug (D:2)
  6 endoplasms
  3 giant cockroaches (D:2)
  3 goblins (D:2)
  6 hobgoblins (D:1)
  2 quokkas
  2 ball pythons (D:1)
  5 bats
  2 frilled lizards
  5 kobolds
  3 rats
41 creatures vanquished.

Notes
Turn   | Place    | Note
-------+----------+-------------------------------------------
     0 | D:1      | qw the Deep Elf Hunter began the quest for the Orb.
     0 | D:1      | Reached XP level 1. HP: 12/12 MP: 3/3
     0 | D:1      | 0 ||| qw: Version: 0.3-a-22-g0ed2b0b
     0 | D:1      | 0 ||| qw: Game counter: 6276
     0 | D:1      | 0 ||| qw: Melee chars always use a shield: true
     0 | D:1      | 0 ||| qw: God list: Okawaru
     0 | D:1      | 0 ||| qw: Allow faded altars: false
     0 | D:1      | 0 ||| qw: Do Orc after clearing Dungeon:15 true
     0 | D:1      | 0 ||| qw: Do second Lair branch before Depths: true
     0 | D:1      | 0 ||| qw: Lair rune preference: random
     0 | D:1      | 0 ||| qw: Goals: Normal
     0 | D:1      | 0 ||| PLANNING D:1-11
   200 | D:1      | Reached skill level 6 in Ranged Weapons
   200 | D:1      | Reached XP level 2. HP: 16/16 MP: 4/4
   495 | D:1      | 495 ||| READING scroll labelled EDIUREUWAXT.
   496 | D:1      | 496 ||| READING 2 scrolls labelled VAFFY SEDWAAZ.
   497 | D:1      | 497 ||| DROPPING scroll of butterflies.
   626 | D:2      | Reached XP level 3. HP: 18/20 MP: 5/5
   626 | D:2      | 626 ||| FLEEEEING.
   686 | D:2      | Reached skill level 7 in Ranged Weapons
   688 | D:2      | Found a glowing golden altar of the Shining One.
  1113 | D:2      | 1113 ||| READING scroll labelled EMPEMI OTWE.
  1114 | D:2      | 1114 ||| READING 4 scrolls of identify.
  1114 | D:2      | 1114 ||| IDENTIFYING bubbling ruby potion
  1115 | D:2      | 1115 ||| READING 3 scrolls of identify.
  1115 | D:2      | 1115 ||| IDENTIFYING sedimented coppery potion
  1116 | D:2      | 1116 ||| READING 2 scrolls of identify.
  1116 | D:2      | 1116 ||| IDENTIFYING black potion
  1117 | D:2      | 1117 ||| DROPPING potion of lignification.
  1118 | D:2      | 1118 ||| DROPPING potion of invisibility.
  1126 | D:3      | 1126 ||| STAIRDANCE
  1128 | D:2      | 1128 ||| DRINKING potion of curing.
  1128 | D:2      | 1128 ||| (to cure confusion)
  1133 | D:2      | HP: 1/20 [something/puff of flame (15)]
  1134 | D:2      | Slain by an orc

Levels and vault maps discovered:
D:1:      wander_arrival_chamber, layout_rooms, dreamdust_princess_bridge,
          minmay_misc_feat_columns, minmay_misc_feat_ornament
D:2:      layout_loops_ring, basic_altar
D:3:      layout_basic, wad_floor_pattern_untrapped, uniq_sigmund, uniq_natasha,
          uniq_crazy_yiuf_cottage, uniq_ijyb

Skill      XL: |  1  2  3 |
---------------+----------+-----
Ranged Weapons | 6 7 |  7.4
Fighting       | |  1.5
Dodging        | |  2.4
Stealth        | |  1.2

Action                     || total
---------------------------++-------
   Fire: Shortbow          ||   109
    Use: Scroll            ||     6
         Potion            ||     1
 Armour: Leather armour    ||     5
  Dodge: Dodged            ||    21

Table legend:
 A = Non-vault XP
 B = Vault XP
 C = Vault XP percentage of total XP
 D = Non-vault monster count
 E = Vault monster count
 F = Vault count percentage of total count
                 A         B        C        D         E       F
            +---------+---------+-------+---------+---------+-------
      Total |      96 |       0 |   0.0 |      41 |       0 |   0.0
            +---------+---------+-------+---------+---------+-------
        D:1 |      32 |       0 |   0.0 |      20 |       0 |   0.0
        D:2 |      64 |       0 |   0.0 |      21 |       0 |   0.0
            +---------+---------+-------+---------+---------+-------
